AoeStats
← naphtaligrauer16

African Clearing

510396931Analyzed
3v3 RM · 2d ago on Sep 30, 2026· 27m 55s· 6 players
Game mode
Random Map
Map size
Normal (6 player)
Population
200
Speed
Normal
Resources
Standard
Victory
Conquest
Starting age
Dark Age
Ending age
Imperial Age
RankedLock teamsTeams togetherTeam positionsShared explorationLock speedFull tech treeHidden civsTurbo modeCheats
Victory
Defeat
🇩🇪 Gurjaras · Germany
1790
+11
🇩🇪 Byzantines · Germany
1660
+16
🇨🇴 Goths · Colombia
1631
+17
🇩🇪 Armenians · Germany
1717
-17
🇩🇪 Muisca · Germany
1663
-15
🇩🇪 Lithuanians · Germany
1596
-12
[KO19] Westequator
13:48 Feudal Age
17:32 Castle Age
15:49 Double-Bit Axe
16:33 Horse Collar
17:26 Loom
18:51 Bow Saw
[KO19] Tony
7:50 Loom
14:28 Feudal Age
19:45 Castle Age
[KO19] Stynz
9:44 Loom
11:59 Feudal Age
12:17 Man-at-Arms
13:19 Double-Bit Axe
15:43 Arson
15:52 Long Swordsman
17:21 Forging
19:49 Horse Collar
24:26 Castle Age
25:48 Town Watch
27:07 Bow Saw
ArabiaHaterNr.1
8:58 Loom
11:42 Feudal Age
12:13 Double-Bit Axe
13:16 Fletching
17:31 Town Watch
19:27 Padded Archer Armor
22:21 Wheelbarrow
26:15 Castle Age
25:29 Horse Collar
26:17 Elite Skirmisher
26:18 Crossbowman
26:54 Bodkin Arrow
27:47 Bow Saw
naphtaligrauer16
9:40 Loom
9:47 Loom
13:01 Feudal Age
14:22 Wheelbarrow
16:43 Double-Bit Axe
19:42 Castle Age
18:53 Scale Mail Armor
18:52 Horse Collar
EL TIGRE ABELARDO
2:50 Loom
14:15 Feudal Age
14:26 Man-at-Arms
15:00 Double-Bit Axe
18:35 Forging
25:26 Castle Age
23:30 Gold Mining
23:44 Stone Mining
24:10 Fletching
26:30 Wheelbarrow
26:28 Bow Saw
25:58 Horse Collar
27:52 Stone Shaft Mining
27:22 Heavy Plow
Connection lost

Rejoining the realm…

Still unreachable

The connection could not be restored.

Session expired

The server has moved on; the page needs a fresh start.